Map: Dead of Night

Players

DSNINE

  • Race: Protoss Protoss
  • Spawn Location: 0:00

NamroodTuo

  • Race: Zerg Zerg

VOD

Have the link to the VOD?

Description

Time

  • Played on: March 21, 2023, 10:55 a.m.
  • Length: 34:55
Show
View Real Time Build Order
Export as new Build Order

DSNINE Protoss 

Build Orders:  

Get SALT Encoding   

  12  0:03  Probe (Chrono Boost)  
  13  0:18  Probe (Chrono Boost)  
  14  0:32  Pylon  
  14  0:37  Assimilator  
  14  0:41  Probe (Chrono Boost)  
  15  0:59  Probe (Chrono Boost)  
  16  1:21  Pylon  
  16  1:28  Pylon  
  16  1:38  Pylon  
  16  1:40  Assimilator  
  16  1:54  Probe (Chrono Boost)  
  17  2:03  Gateway  
  17  2:07  Gateway  
  17  2:30  Forge  
  17  2:32  Probe (Chrono Boost)  
  17  2:33  Forge  
  18  2:46  Probe (Chrono Boost)  
  19  3:00  Probe (Chrono Boost)  
  20  3:16  Probe (Chrono Boost)  
  21  3:39  Cybernetics Core  
  21  3:55  Photon Cannon  
  21  3:56  Photon Cannon  
  21  3:58  Photon Cannon  
  21  4:08  Photon Cannon  
  21  4:09  Photon Cannon  
  21  4:20  Photon Cannon  
  21  4:52  Photon Cannon  
  21  4:55  Photon Cannon  
  21  4:56  Probe (Chrono Boost)  
  22  5:10  Probe (Chrono Boost)  
  23  5:28  Pylon  
  23  5:32  Probe (Chrono Boost)  
  23  5:33  Pylon  
  24  5:46  Probe (Chrono Boost)  
  25  6:22  Probe (Chrono Boost)  
  26  6:36  Probe (Chrono Boost)  
  26  6:39  Photon Cannon  
  27  6:47  Photon Cannon  
  27  6:53  Photon Cannon  
  27  6:59  Assimilator  
  27  7:14  Photon Cannon  
  27  7:16  Photon Cannon  
  27  7:17  Photon Cannon  
  27  7:19  Photon Cannon  
  27  7:40  Photon Cannon x2  
  27  7:51  Pylon  
  27  7:56  Pylon  
  27  8:01  Pylon  
  27  8:06  Pylon  
  27  8:11  Pylon  
  27  8:15  Pylon  
  27  8:22  Pylon  
  27  8:26  Pylon  
  27  8:31  Pylon  
  27  8:42  Pylon, Protoss Air Weapons Level 1, Protoss Ground Weapons Level 1  
  27  8:43  Protoss Ground Armor Level 1, Protoss Air Armor Level 1  
  27  8:44  Probe (Chrono Boost)  
  28  8:58  Probe (Chrono Boost)  
  29  9:08  Cloaking Module  
  29  9:11  Havoc  
  29  9:12  Probe (Chrono Boost)  
  31  9:25  Photon Cannon  
  31  9:26  Probe (Chrono Boost)  
  32  9:40  Probe (Chrono Boost)  
  32  9:49  Photon Cannon  
  33  9:54  Probe (Chrono Boost)  
  34  10:01  Pylon  
  34  10:14  Photon Cannon  
  34  10:18  Photon Cannon  
  34  10:20  Photon Cannon  
  34  10:21  Photon Cannon  
  34  10:36  Probe (Chrono Boost)  
  35  10:50  Probe (Chrono Boost)  
  36  11:04  Probe (Chrono Boost)  
  37  11:18  Probe (Chrono Boost)  
  38  11:32  Probe (Chrono Boost)  
  43  11:42  Protoss Shields Level 1  
  43  11:43  Slayer x2  
  43  11:47  Probe (Chrono Boost)  
  44  12:12  Death Council  
  44  12:21  Robotics Facility  
  44  12:23  Robotics Facility  
  44  12:30  Photon Cannon x2  
  44  12:32  Photon Cannon x2  
  44  12:38  Photon Cannon  
  44  12:52  Photon Cannon  
  44  12:55  Photon Cannon  
  44  12:59  Photon Cannon  
  44  13:38  Phase Blink  
  44  14:08  Photon Cannon x2  
  44  14:12  Photon Cannon x2  
  44  14:13  Photon Cannon  
  44  14:14  Photon Cannon  
  44  14:15  Photon Cannon  
  44  14:19  Photon Cannon  
  44  14:30  Photon Cannon x2  
  44  14:41  Photon Cannon  
  44  14:50  Photon Cannon  
  44  15:38  Photon Cannon  
  44  15:39  Photon Cannon  
  44  15:40  Photon Cannon  
  44  15:41  Photon Cannon  
  44  15:43  Photon Cannon  
  44  15:48  Photon Cannon  
  44  15:57  Photon Cannon  
  44  15:59  Photon Cannon  
  44  16:10  Protoss Shields Level 2  
  44  16:35  Robotics Bay  
  44  16:42  Photon Cannon  
  44  16:43  Photon Cannon  
  44  16:48  Photon Cannon  
  44  16:57  Photon Cannon  
  44  17:06  Photon Cannon  
  44  17:13  Protoss Ground Weapons Level 2, Protoss Air Weapons Level 2  
  44  17:49  Slayer  
  48  17:50  Slayer  
  50  18:31  Slayer  
  50  18:32  Slayer  
  50  18:54  Wraithwalker  
  50  18:55  Wraithwalker  
  62  19:08  Havoc  
  65  19:13  Slayer  
  65  19:20  Protoss Air Armor Level 2, Protoss Ground Armor Level 2  
  120  19:50  Slayer  
  54  20:51  Wraithwalker  
  66  21:07  Aerial Tracking  
  66  21:13  Phasing Armor  
  66  21:18  Wraithwalker  
  70  21:22  Slayer x2  
  70  21:26  Protoss Shields Level 3  
  70  22:06  Wraithwalker  
  76  22:33  Wraithwalker  
  82  22:49  Protoss Air Weapons Level 3, Protoss Ground Weapons Level 3  
  82  23:02  Fusion Mortars  
  82  23:21  Wraithwalker  
  88  23:39  Robotics Facility  
  88  23:48  Wraithwalker  
  94  23:50  Robotics Facility  
  94  23:57  Photon Cannon x2  
  94  23:59  Photon Cannon  
  94  24:04  Photon Cannon  
  94  24:06  Photon Cannon  
  94  24:16  Photon Cannon  
  94  24:18  Photon Cannon  
  94  24:20  Photon Cannon  
  94  24:24  Photon Cannon  
  94  24:26  Photon Cannon  
  94  24:27  Photon Cannon  
  94  24:30  Photon Cannon  
  94  24:46  Photon Cannon  
  94  24:48  Photon Cannon  
  94  24:49  Photon Cannon  
  94  24:51  Photon Cannon  
  94  24:54  Photon Cannon  
  94  24:55  Photon Cannon  
  94  24:59  Pylon  
  94  25:09  Pylon  
  94  25:12  Pylon  
  94  25:17  Pylon  
  94  25:22  Pylon  
  94  25:35  Photon Cannon  
  94  25:36  Photon Cannon  
  94  25:57  Slayer x2  
  98  26:34  Havoc  
  98  26:39  Wraithwalker, Slayer  
  107  26:40  Wraithwalker  
  107  26:43  Vanguard  
  117  27:14  Vanguard  
  121  28:50  Protoss Ground Armor Level 3, Protoss Air Armor Level 3  
  121  30:37  Wraithwalker  
  121  30:38  Wraithwalker x2  
  139  30:45  Wraithwalker  
  149  30:53  Slayer x2  
  145  31:35  Slayer x2  
  149  32:17  Slayer x2  
  153  32:26  Wraithwalker  
  153  32:27  Wraithwalker  
  153  32:28  Wraithwalker x2  
  177  32:59  Slayer x2  
Show
View Real Time Build Order
Export as new Build Order

NamroodTuo Zerg 

Build Orders:  

Get SALT Encoding   

  12  0:13  Overlord  
  12  0:20  Infested SCV  
  12  0:25  Infested SCV  
  14  0:42  Infested SCV  
  14  0:47  Infested SCV  
  16  0:51  Infested SCV  
  17  1:06  Infested Barracks  
  17  1:07  Infested SCV  
  18  1:21  Infested SCV  
  19  1:32  Infested Refinery  
  19  1:37  Overlord  
  19  1:54  Infested SCV  
  20  2:10  Infested SCV  
  21  2:26  Infestation Level 1  
  21  2:30  Infested Barracks Tech Lab  
  21  2:38  Infested SCV  
  21  2:39  Infested Engineering Bay  
  22  2:41  Infested SCV  
  23  3:03  Infested SCV  
  24  3:26  Infested SCV  
  25  3:36  Infested Bunker  
  29  3:40  Infested Marine x2  
  30  4:03  Overlord x2  
  30  4:04  Overlord  
  30  4:25  Anaerobic Enhancement  
  29  4:33  Infested Marine x5  
  29  4:34  Infested Marine x11  
  29  4:35  Infested Marine  
  46  4:55  Infested Bunker  
  50  5:10  Infested Barracks  
  50  5:23  Infested Missile Turret  
  50  5:25  Infestation Level 2  
  50  5:31  Infested Refinery  
  50  5:32  Infested SCV  
  51  6:09  Infested SCV x2  
  37  6:10  Infested SCV x3  
  37  6:18  Infested Marine x2  
  37  6:19  Infested Marine x2  
  43  6:28  Regenerative Plating  
  39  6:51  Infested SCV x2  
  41  7:05  Infested Factory  
  41  7:20  Infested SCV, Infested Refinery  
  41  7:21  Infested SCV  
  41  7:25  Broodling Gestation  
  41  7:27  Stukov Infantry Weapons Level 1  
  43  7:43  Infested SCV  
  43  7:46  Infested SCV  
  45  8:02  Overlord  
  45  8:26  Infested Bunker  
  45  8:27  Infested Marine x4  
  45  8:28  Infested Marine x10  
  63  8:36  Overlord  
  63  8:37  Overlord  
  63  8:44  Retinal Augmentation  
  61  9:17  Infested SCV x2  
  66  9:31  Infested SCV  
  66  9:35  Infested Bunker  
  67  9:44  Plagued Munitions  
  71  9:54  Infested Bunker  
  71  10:07  Stukov Infantry Armor Level 1  
  71  10:08  Infested Marine x4  
  71  10:09  Infested Marine x14  
  78  10:19  Overlord x3  
  78  10:24  Overseer x4  
  78  10:25  Overseer  
  78  11:15  Infested Bunker  
  78  11:17  Infested Bunker  
  85  11:21  Unknown  
  74  11:32  Infested SCV x2  
  74  11:33  Infested SCV  
  71  12:13  Infested Bunker  
  75  12:36  Infested Marine  
  75  12:37  Infested Marine x20  
  75  12:38  Infested Marine x7  
  103  12:51  Stukov Infantry Weapons Level 2  
  103  12:59  Overseer  
  79  13:00  Overseer x4, Infested Missile Turret  
  102  13:30  Infested Missile Turret  
  102  13:39  Overseer  
  78  14:22  Infested Bunker  
  78  14:25  Infested Bunker  
  78  14:29  Infested Marine  
  83  14:30  Infested Marine x13  
  83  14:31  Infested Marine x7  
  103  14:52  Overlord x4  
  103  14:53  Overlord  
  103  15:14  Infested Barracks  
  107  15:32  Infested Bunker  
  107  15:35  Infested Bunker  
  108  15:52  Infested Bunker  
  107  16:01  Stukov Infantry Armor Level 2  
  94  16:23  Infested Armory  
  94  16:37  Infested Marine  
  94  16:38  Infested Marine x12  
  94  16:39  Infested Marine x19  
  126  17:05  Infested Bunker  
  130  17:13  Overlord  
  130  17:14  Overlord x3  
  130  17:23  Infested Marine  
  130  17:24  Infested Marine x10  
  130  17:25  Infested Marine x4  
  118  17:53  Infested Marine x2  
  118  17:57  Infestation Level 3  
  105  18:46  Infested Bunker  
  113  18:55  Infested Bunker  
  113  19:01  Overlord x2  
  113  19:09  Aggressive Incubation  
  108  19:11  Calcified Armor  
  106  19:30  Overseer x4  
  106  20:04  Infested Bunker  
  110  20:15  Stukov Infantry Weapons Level 3  
  110  20:39  Infested Bunker  
  114  21:09  Infested Bunker  
  118  21:38  Infested Bunker  
  122  21:48  Infested Bunker  
  126  22:21  Infested Bunker  
  130  22:36  Infested Marine  
  130  22:37  Infested Marine x12  
  130  22:38  Infested Marine x15  
  158  22:45  Overlord  
  158  23:08  Infested Missile Turret  
  162  23:20  Infested Bunker  
  162  23:42  Infested Bunker  
  166  23:55  Stukov Infantry Armor Level 3  
  170  24:08  Infested Bunker  
  142  24:22  Infested Marine  
  142  24:23  Infested Marine x10  
  142  24:24  Infested Marine x6  
  159  24:34  Infested Marine  
  159  24:35  Infested Marine x9  
  159  24:36  Infested Marine x10  
  179  24:57  Infested Marine  
  179  24:58  Infested Marine x3  
  179  24:59  Infested Marine  
  183  25:11  Overlord x5  
  180  25:51  Infested Marine  
  180  25:52  Infested Marine x17  
  180  25:53  Infested Marine x2  
  183  26:03  Infested Marine  
  183  26:04  Infested Marine x6  
  183  26:05  Infested Marine x15  
  192  26:16  Infested Marine  
  192  26:17  Infested Marine x15  
  142  27:53  Infested Marine  
  142  27:54  Infested Marine x10  
  142  27:55  Infested Marine x19  
  142  27:56  Infested Marine x8  
  180  28:25  Infested Marine  
  180  28:26  Infested Marine x13  
  180  28:27  Infested Marine x6  
  198  28:43  Infested Marine  
  198  28:44  Infested Marine  
  163  30:06  Infested Marine  
  163  30:07  Infested Marine x16  
  163  30:08  Infested Marine x22  
  163  30:09  Infested Marine x17  
  198  30:35  Infested Marine x2  
  168  31:34  Infested Marine  
  168  31:35  Infested Marine x18  
  168  31:36  Infested Marine x15  
  200  31:48  Infested Marine x4  
  200  31:49  Infested Marine x18  
  196  32:11  Infested Marine  
  196  32:12  Infested Marine x4  
  196  32:14  Infested Marine  
  199  32:28  Infested Marine  
  199  32:29  Infested Marine  
  146  33:31  Infested Marine  
  146  33:32  Infested Marine x20  
  146  33:33  Infested Marine x10  
Tags
 
Commander
AlarakStukov
Matchup
Co-op
Replay Pack
Multiplayer
Add a new tag
Caveats
  • Supply blocks, unpowered buildings, or Contaminate may cause inaccurate times.
  • Supply counts are checked every 10 seconds.